AoeStats
← Roy7

Glade

510599921Analyzed
1v1 RM · 19h ago on Oct 1, 2026· 29m 55s· 2 players
Game mode
Random Map
Map size
Tiny (2 player)
Population
200
Speed
Normal
Resources
Standard
Victory
Conquest
Starting age
Dark Age
Ending age
Imperial Age
RankedLock teamsTeams togetherTeam positionsShared explorationLock speedFull tech treeHidden civsTurbo modeCheats
Victory
Defeat
🇧🇩 Saracens · Bangladesh
1314
+19
🇺🇸 Mongols · United States
1390
-19
minor_seth
10:02 Feudal Age
11:08 Loom
14:03 Castle Age
15:15 Horse Collar
17:58 Double-Bit Axe
21:33 Padded Archer Armor
21:51 Fletching
23:19 Elite Skirmisher
24:18 Leather Archer Armor
24:28 Bodkin Arrow
26:45 Ballistics
27:33 Wheelbarrow
28:29 Bow Saw
32:31 Imperial Age
Roy7
8:24 Feudal Age
7:39 Loom
10:59 Town Watch
15:30 Double-Bit Axe
17:10 Horse Collar
20:21 Castle Age
21:19 Bow Saw
20:40 Crossbowman
21:20 Fletching
23:42 Heavy Plow
23:39 Gold Mining
25:06 Wheelbarrow
25:13 Stone Mining
25:39 Bodkin Arrow
30:37 Hand Cart
Connection lost

Rejoining the realm…

Still unreachable

The connection could not be restored.

Session expired

The server has moved on; the page needs a fresh start.